 Dungeon Crawl Stone Soup version 0.32-a0-999-gfa1cc04b1d (webtiles) character file.

Game seed: 3647953416645842093

46 GigaChad the Covered (level 3, -3/29 HPs)
             Began as a Human Fighter on Apr 25, 2024.
             Slain by a hobgoblin (6 damage)
             ... led by Robin
             ... on level 2 of the Dungeon.
             The game lasted 00:01:54 (790 turns).

GigaChad the Covered (Human Fighter)                 Turns: 790, Time: 00:01:54

Health: -3/29      AC:  6    Str: 18    XL:     3   Next: 68%
Magic:  3/3        EV:  8    Int:  8    God:
Gold:   56         SH:  4    Dex: 12    Spells: 2/2 levels left

rFire   . . .        a - +0 war axe
rCold   . . .        c - +0 buckler
rNeg    . . .        b - +0 scale mail
rPois   .            (no helmet)
rElec   .            (no cloak)
rCorr   .            (no gloves)
SInv    .            (no boots)
Will    .....        (no amulet) Stlth
                     (no ring)
HPRegen 0.24/turn    (no ring)
MPRegen 0.08/turn

%: no passive effects
@: lethally poisoned (-3 -> -5)
A: explore regen
a: no special abilities


You were on level 2 of the Dungeon.
You visited 1 branch of the dungeon, and saw 2 of its levels.

You collected 56 gold pieces.

Inventory:

Hand Weapons
 a - a +0 war axe (weapon)
Armour
 b - a +0 scale mail (worn)
 c - a +0 buckler (worn)
Scrolls
 g - 3 scrolls of fear {unknown}
 h - 2 scrolls of noise {unknown}
 i - a scroll of enchant armour {unknown}
 k - a scroll of poison {unknown}
Potions
 d - 5 potions of might
 e - a potion of haste {unknown}
 f - 2 potions of curing {unknown}
 j - a potion of enlightenment {unknown}
 l - a potion of degeneration {unknown}


   Skills:
 * Level 3.3 Fighting
 * Level 2.6 Axes
 * Level 3.3 Armour
 * Level 0.9 Stealth
 * Level 3.3 Shields


You had 2 spell levels left.
You didn't know any spells.
Your spell library contained the following spells:

 Spells                   Type           Power      Damage    Failure   Level
 Kiss of Death            Conj/Necr      0%         2d5       86%         1
 Confusing Touch          Hex            0%         N/A       99%         3
 Stone Arrow              Conj/Erth      0%         3d7       99%         3
 Animate Armour           Summ/Erth      0%         N/A       100%        4
 Dispel Undead            Necr           0%         3d6       100%        4
 Alistair's Intoxication  Alch           0%         N/A       100%        5
 Borgnjor's Vile Clutch   Necr/Erth      0%         N/A       100%        5
 Eringya's Noxious Bog    Alch           0%         4d6       100%        6
 Seismic Cannonade        Alch/Erth      0%         6d4       100%        7
 Lehudib's Crystal Spear  Conj/Erth      0%         10d2      100%        8


Dungeon Overview and Level Annotations

Branches:
Dungeon (2/15)

Altars:

Annotations:
D:2 Robin


Innate Abilities, Weirdness & Mutations

You regain HP and MP as you explore.


Message History

You barely miss the goblin.
You feel very sick. The goblin hits you but does no damage.
The hobgoblin hits you but does no damage.
The goblin barely misses you. The goblin hits you but does no damage.
The hobgoblin closely misses you.
Robin roars a battlecry!
The goblin goes into a battle-frenzy!
You hit the goblin.
You kill the goblin!
You closely miss the hobgoblin. You barely miss the goblin. You hit the goblin.
You feel very sick. Robin throws the goblin at you!
The goblin closely misses you. You block the hobgoblin's attack.
The goblin hits you with a +0 dagger. You block the goblin's attack.
The goblin hits you with a +1 dagger of speed.
* * * LOW HITPOINT WARNING * * *
You are too injured to fight recklessly!
Unknown command.
You are too injured to fight recklessly!
Unknown command.
You are too injured to fight recklessly!
Unknown command.
You are too injured to fight recklessly!
Unknown command.
Unknown command.
You hit the hobgoblin but do no damage. You hit the goblin but do no damage.
You barely miss the goblin. x2; You feel sick.
You block the goblin's attack. The goblin hits you but does no damage.
The goblin hits you with a +1 dagger of speed.
* * * LOW HITPOINT WARNING * * *
Robin throws the goblin at you!
* * * LOW HITPOINT WARNING * * *
The hobgoblin closely misses you. The goblin hits you but does no damage.
The goblin closely misses you. The goblin barely misses you.
Found a glowing red potion.
* * * LOW HITPOINT WARNING * * *
You feel sick. The goblin attacks as it pursues you!
You block the goblin's attack. The hobgoblin hits you.
You die...

#..# .##.♣♣
####### #.##
.##.♣♣
#......## ###.#
..#.♣♣
........###...#
#.#.♣
.........#).###
#.♣
...........##
##.
......)g..##
.%....ggg##
.......@.#
......gg##
.........
..(.......
...........
..........!.
.............
........######


You could see Robin, 2 hobgoblins and 3 goblins.

Vanquished Creatures
  A dart slug (D:1)
  2 giant cockroaches
  7 goblins
  5 hobgoblins
  7 jackals
  A quokka (D:1)
  4 ball pythons
  3 bats
  4 frilled lizards
  5 kobolds
  A rat (D:1)
40 creatures vanquished.

Notes
Turn   | Place    | Note
-------+----------+-------------------------------------------
     0 | D:1      | GigaChad the Human Fighter began the quest for the Orb.
     0 | D:1      | Reached XP level 1. HP: 18/18 MP: 1/1
    60 | D:1      | Reached XP level 2. HP: 21/24 MP: 2/2
   399 | D:1      | Reached XP level 3. HP: 29/29 MP: 3/3
   565 | D:2      | Found a faded altar of an unknown god.
   782 | D:2      | Noticed Robin
   790 | D:2      | Slain by a hobgoblin

Illustrated notes

Levels and vault maps discovered:
D:1:      minmay_arrival_wavy_path, layout_rooms, hangedman_feature_mirror
D:2:      layout_rooms, chequers_ecumenical_altar_grove, grunt_decor_one_mirror,
          uniq_robin

Action                     || total
---------------------------++-------
  Melee: War axe           ||    78
 Armour: Scale mail        ||    92
  Dodge: Dodged            ||    43
  Block: Buckler           ||    24

Table legend: (Time is in decaauts)
 A = Elapsed time spent in this place.
 B = Non-inter-level travel time spent in this place.
 C = Inter-level travel time spent in this place.
 D = Time resting spent in this place.
 E = Time spent auto-exploring this place.
 F = Levels seen in this place.
 G = Mean time per level.
                   A        B        C        D        E       F      G
               +--------+--------+--------+--------+--------+-----+--------+
         Total |    822 |    782 |     40 |      0 |    587 |   2 |  411.0 |
       Dungeon |    822 |    782 |     40 |      0 |    587 |   2 |  411.0 |
               +--------+--------+--------+--------+--------+-----+--------+

Top non-repeatable levels by time:
     D:1: 547 daAuts
     D:2: 275 daAuts
